 Dungeon Crawl Stone Soup version 0.29.0-4-gdea44cf6ec (webtiles) character file.

Game seed: 5241739381681343832

1992 qw the Grappler (level 9, -6/78 (84) HPs)
             Began as a Troll Cinder Acolyte on Sept 2, 2022.
             Was a High Priest of Ignis.
             Mangled by a two-headed ogre
             ... wielding a +0 giant club
              (20 damage)
             ... on level 7 of the Dungeon.
             The game lasted 00:02:07 (5024 turns).

qw the Grappler (Troll Cinder Acolyte)              Turns: 5024, Time: 00:02:07

HP:   -6/78 (84)    AC: 12    Str: 28    XL:     9   Next: 1%
MP:   9/9           EV: 10    Int: 10    God:    Ignis [*****.]
Gold: 265           SH:  0    Dex: 11    Spells: 10/10 levels left

rFire   + . .      SeeInvis .     - Unarmed
rCold   . . .      Faith    .   (no shield)
rNeg    . . .      Spirit   .   d - +1 robe {Archmagi}
rPois   .          Reflect  .   (helmet restricted)
rElec   .          Harm     .   (no cloak)
rCorr   +          Rampage  .   (gloves unavailable)
Will    .....      Archmagi +   (boots unavailable)
Stlth   +.........              (no amulet)
HPRegen 1.03/turn               b - +6 ring of dexterity
MPRegen 0.11/turn               p - ring of resist corrosion

@: about to teleport, fiery-armoured, drained
A: large, unfitting armour, claws 3, regeneration 1, shaggy fur 1, tough skin 1
a: Renounce Religion, Fiery Armour, Foxfire Swarm, Rising Flame


You were on level 7 of the Dungeon.
You worshipped Ignis.
Ignis was extremely pleased with you.
You visited 1 branch of the dungeon, and saw 7 of its levels.

You collected 368 gold pieces.
You spent 103 gold pieces at shops.


Innate Abilities, Weirdness & Mutations

You are too large for most types of armour.
You have claws for hands.
Your natural rate of healing is unusually fast.
You are covered in fur. (AC +1)
You have tough skin. (AC +1)


   Skills:
 + Level 3.8 Fighting
 - Level 3.4 Throwing
 - Level 2.2 Dodging
 - Level 10.5 Unarmed Combat
 - Level 1.0 Spellcasting
 - Level 2.1 Fire Magic


You had 10 spell levels left.
You didn't know any spells.
Your spell library contained the following spells:

 Spells                   Type           Power      Damage    Failure   Level
 Scorch                   Fire           14%        2d5       22%         2

Inventory:

Missiles
 i - a javelin (quivered)
Armour
 d - a +1 robe of the Archmagi (worn)
 g - a +0 cloak
Jewellery
 b - a +6 ring of dexterity (left claw)
 h - a ring of protection from cold
 p - a ring of resist corrosion (right claw)
Scrolls
 c - a scroll of identify
 f - 3 scrolls of enchant weapon
 n - 3 scrolls of enchant armour
Potions
 a - 5 potions of curing
 e - a potion of might
 j - a potion of heal wounds {unknown}
 k - a potion of haste {unknown}
 l - a potion of resistance {unknown}
 m - a potion of berserk rage {unknown}
 o - 2 potions of invisibility {unknown}

Dungeon Overview and Level Annotations

Branches:
Dungeon (7/15)             Temple (0/1) D:7

Altars:
Cheibriados
Fedhas
Trog

Shops:
D:4 =   D:7 [*

Annotations:
D:2 1 runed translucent door, Crazy Yiuf


Message History

You now have 240 gold pieces (gained 20).
You now have 253 gold pieces (gained 13).
You now have enough gold to buy a ring of positive energy on D:4.
You can access your shopping list by pressing '$'.
You now have 265 gold pieces (gained 12).
i - a javelin
Found a staircase to the Ecumenical Temple.
Enter note: A two-headed ogre and 3 wights come into view.
The two-headed ogre shouts in stereo!
A wight comes into view. It is wielding a +0 scimitar.
5017 ||| Stepping ~*~*~tactically~*~*~ (hiding).
The wight hits you from afar with a +3 halberd!
You feel drained.
You scratch the wight but do no damage.
The wight hits you from afar with a +3 halberd!
The wight closely misses you.
You claw the wight!
The wight is heavily damaged.
You scratch the wight.
The wight is severely damaged.
The wight hits you from afar with a +3 halberd!
You feel drained.
A sky beast comes into view.
5022 ||| INVOKING Fiery Armour.
A protective cloak of flame settles atop you.
5023 ||| Stepping ~*~*~tactically~*~*~ (outnumbered).
The two-headed ogre attacks as you move away!
The two-headed ogre hits you with a +0 giant club.
The two-headed ogre is burned by your cloak of flames.
The two-headed ogre is lightly wounded.
The two-headed ogre hits you with a +0 giant club!!
The two-headed ogre is burned by your cloak of flames.
The two-headed ogre is lightly wounded.
5024 ||| READING scroll of teleportation.
As you read the scroll of teleportation, it crumbles to dust.
You feel strangely unstable. The wight barely misses you.
The two-headed ogre hits you with a +0 giant club!!
You die...

##..... ...# #......
....# #.[.... .....#
##...... ......# #.......
..}.... #.......
...Y...#### #.......
}.>.}..O..##### ########
....zzzz@.....#####
..}...####........#######
..... ########........
.... #####.... ... #####
.. ##.. . ###...
#####..... ##....~....


You could see a two-headed ogre, a sky beast and 4 wights.

Vanquished Creatures
  Pikel (D:7)
  A troll (D:6)
  Eustachio (D:5)
  2 ice beasts
  A sky beast (D:7)
  An ogre (D:5)
  2 centaurs (D:6)
  A lemure (D:7)
  3 phantoms (D:5)
  Blork the orc (D:5)
  A bullfrog (D:7)
  A scorpion (D:5)
  4 hounds
  Jessica (D:2)
  2 iguanas
  5 adders
  A worm (D:4)
  2 dart slugs
  3 orcs (D:5)
  8 ball pythons
  8 endoplasms
  3 giant cockroaches
  6 goblins
  6 hobgoblins
  5 quokkas
  A bat (D:2)
  4 frilled lizards
  4 kobolds
  5 rats
84 creatures vanquished.

Vanquished Creatures (others)
  17 plants (D:4)
17 creatures vanquished.

Grand Total: 101 creatures vanquished

Notes
Turn   | Place    | Note
-------+----------+-------------------------------------------
     0 | D:1      | qw the Troll Cinder Acolyte began the quest for the Orb.
     0 | D:1      | Reached XP level 1. HP: 22/22 MP: 1/1
     0 | D:1      | 0 ||| qw: Version: 0.1-a-100-g36b9a1f
     0 | D:1      | 0 ||| qw: Game counter: 5017
     0 | D:1      | 0 ||| qw: Always use a shield: true
     0 | D:1      | 0 ||| qw: God list: Okawaru
     0 | D:1      | 0 ||| qw: Allow faded altars: false
     0 | D:1      | 0 ||| qw: Do Orc after D:15 true
     0 | D:1      | 0 ||| qw: Do second Lair branch before Depths: true
     0 | D:1      | 0 ||| qw: Lair rune preference: random
     0 | D:1      | 0 ||| qw: Plans: Normal
     0 | D:1      | 0 ||| PLANNING D:1-11
   257 | D:1      | Reached XP level 2. HP: 29/29 MP: 2/2
   820 | D:1      | 820 ||| READING 2 scrolls labelled URRIUGAVVAT.
   821 | D:1      | 821 ||| READING scroll labelled WIURUXENIT.
   822 | D:1      | 822 ||| READING scroll labelled YPOGER ERPHOOB.
   823 | D:1      | 823 ||| READING 2 scrolls labelled FULIBO JEYGA.
   824 | D:1      | 824 ||| READING scroll labelled JUR NUBRUB.
   896 | D:2      | Found a faded altar of an unknown god.
   914 | D:2      | Reached skill level 4 in Unarmed Combat
   933 | D:2      | Noticed Jessica
   934 | D:2      | 934 ||| Stepping ~*~*~tactically~*~*~ (hiding).
   940 | D:2      | Killed Jessica
   941 | D:2      | Reached skill level 1 in Throwing
   941 | D:2      | Reached XP level 3. HP: 34/36 MP: 3/3
   984 | D:2      | 984 ||| Stepping ~*~*~tactically~*~*~ (stealth).
   986 | D:2      | 986 ||| Stepping ~*~*~tactically~*~*~ (hiding).
  1064 | D:2      | 1064 ||| Stepping ~*~*~tactically~*~*~ (stealth).
  1073 | D:2      | 1073 ||| Stepping ~*~*~tactically~*~*~ (stealth).
  1241 | D:2      | Reached XP level 4. HP: 38/44 MP: 4/4
  1605 | D:2      | Found a runed translucent door.
  1606 | D:2      | Noticed Crazy Yiuf
  1609 | D:2      | 1609 ||| UPGRADING to +1 robe of the Archmagi.
  1619 | D:2      | 1619 ||| DROPPING +0 robe.
  1620 | D:2      | 1620 ||| UPGRADING to +6 ring of dexterity.
  1621 | D:2      | 1621 ||| READING scroll labelled CYHIHO QEVICRI.
  1813 | D:3      | Found a bloodstained altar of Trog.
  1844 | D:3      | Identified the +5 dagger of Excruciating Pain {vorpal,
                  | rElec rC+ rCorr Dex+2}
  2129 | D:3      | Reached skill level 5 in Unarmed Combat
  2137 | D:3      | 2137 ||| READING scroll labelled ENIGOY AMOTI.
  2138 | D:3      | 2138 ||| READING scroll labelled ERPHAD JOUKUNI.
  2141 | D:3      | 2141 ||| READING 2 scrolls labelled UNY LUAGATRAIB.
  2142 | D:3      | 2142 ||| DRINKING 2 bubbling orange potions.
  2143 | D:3      | 2143 ||| DROPPING scroll of poison.
  2144 | D:3      | 2144 ||| Stepping randomly (stuck).
  2145 | D:3      | 2145 ||| Stepping ~*~*~tactically~*~*~ (cloud).
  2271 | D:4      | Reached skill level 1 in Dodging
  2379 | D:4      | Reached XP level 5. HP: 49/50 MP: 5/5
  2439 | D:4      | Found Cupuchu's Jewellery Boutique.
  2445 | D:4      | 2445 ||| SHOPLISTING +6 ring of dexterity (468 gold, have
                  | 132).
  2445 | D:4      | 2445 ||| SHOPLISTING ring of Mecux {rF+ Will+ Dex+4 Slay+4}
                  | (1354 gold, have 132).
  2445 | D:4      | 2445 ||| SHOPLISTING ring of ice (325 gold, have 132).
  2445 | D:4      | 2445 ||| SHOPLISTING ring of positive energy (260 gold,
                  | have 132).
  2596 | D:4      | 2596 ||| Stepping ~*~*~tactically~*~*~ (stealth).
  2604 | D:4      | 2604 ||| Stepping ~*~*~tactically~*~*~ (stealth).
  2869 | D:4      | Identified the +5 war axe of the Swamp {vamp, Drain rPois
                  | Will+++ Int-4}
  2947 | D:4      | 2947 ||| READING scroll labelled HEYFOR CITT.
  2948 | D:4      | 2948 ||| READING scroll labelled TOZAGA ANYSHIRR.
  2949 | D:4      | 2949 ||| DRINKING 5 fuming green potions.
  2950 | D:4      | 2950 ||| DRINKING 2 bubbling inky potions.
  2951 | D:4      | 2951 ||| DRINKING 3 metallic silvery potions.
  2952 | D:4      | 2952 ||| DROPPING potion of flight.
  2953 | D:4      | 2953 ||| DROPPING 2 potions of brilliance.
  2992 | D:5      | Entered Level 5 of the Dungeon
  2998 | D:5      | Noticed Eustachio
  3010 | D:5      | Killed Eustachio
  3011 | D:5      | Reached skill level 6 in Unarmed Combat
  3011 | D:5      | Reached XP level 6. HP: 49/59 MP: 6/6
  3050 | D:5      | Reached skill level 7 in Unarmed Combat
  3154 | D:5      | Reached XP level 7. HP: 66/66 MP: 7/7
  3213 | D:5      | Reached skill level 8 in Unarmed Combat
  3230 | D:5      | Noticed Blork the orc
  3231 | D:5      | 3231 ||| Stepping ~*~*~tactically~*~*~ (hiding).
  3337 | D:5      | Killed Blork the orc
  3406 | D:5      | Reached skill level 3 in Fighting
  3464 | D:5      | 3464 ||| Stepping ~*~*~tactically~*~*~ (stealth).
  3470 | D:5      | 3470 ||| Stepping ~*~*~tactically~*~*~ (outnumbered).
  3605 | D:5      | 3605 ||| READING scroll labelled ULIBBISHROZ.
  3606 | D:5      | 3606 ||| READING scroll labelled DOYTREICUZU.
  3607 | D:5      | 3607 ||| READING 2 scrolls of identify.
  3607 | D:5      | 3607 ||| IDENTIFYING blue potion
  3608 | D:5      | 3608 ||| DROPPING potion of attraction.
  3726 | D:6      | Identified the +5 short sword "Jaklaipoza" {speed, rCorr
                  | Str+6}
  3924 | D:6      | 3924 ||| Stepping ~*~*~tactically~*~*~ (hiding).
  4026 | D:6      | 4026 ||| Stepping ~*~*~tactically~*~*~ (hiding).
  4128 | D:6      | 4128 ||| Stepping ~*~*~tactically~*~*~ (hiding).
  4129 | D:6      | 4129 ||| Stepping ~*~*~tactically~*~*~ (hiding).
  4130 | D:6      | 4130 ||| Stepping ~*~*~tactically~*~*~ (hiding).
  4138 | D:6      | Reached skill level 9 in Unarmed Combat
  4138 | D:6      | Reached XP level 8. HP: 64/75 MP: 8/8
  4251 | D:6      | Noticed a troll
  4256 | D:6      | 4256 ||| Stepping ~*~*~tactically~*~*~ (stealth).
  4257 | D:6      | Killed a troll
  4258 | D:6      | Reached skill level 3 in Throwing
  4597 | D:6      | Found a snail-covered altar of Cheibriados.
  4748 | D:6      | 4748 ||| DROPPING ring of flight.
  4749 | D:6      | 4749 ||| UPGRADING to ring of resist corrosion.
  4750 | D:6      | 4750 ||| READING scroll labelled BOGU WATTOCAM.
  4769 | D:7      | Noticed Pikel
  4777 | D:7      | 4777 ||| Stepping ~*~*~tactically~*~*~ (outnumbered).
  4778 | D:7      | 4778 ||| Stepping ~*~*~tactically~*~*~ (outnumbered).
  4779 | D:7      | 4779 ||| Stepping ~*~*~tactically~*~*~ (outnumbered).
  4780 | D:7      | 4780 ||| Stepping ~*~*~tactically~*~*~ (outnumbered).
  4786 | D:7      | Killed Pikel
  4787 | D:7      | Reached skill level 10 in Unarmed Combat
  4830 | D:7      | Found Dyf Alus's Antique Armour Shop.
  4873 | D:7      | 4873 ||| BUYING cloak (103 gold).
  4873 | D:7      | Bought a cloak for 103 gold pieces
  4946 | D:7      | Found Ihebeh's Fire Supplies.
  4961 | D:7      | 4961 ||| SHOPLISTING +0 fire dragon scales (840 gold, have
                  | 220).
  4961 | D:7      | 4961 ||| SHOPLISTING ring of fire (350 gold, have 220).
  4961 | D:7      | 4961 ||| SHOPLISTING ring of protection from fire (350
                  | gold, have 220).
  4973 | D:7      | Reached XP level 9. HP: 84/84 MP: 9/9
  4975 | D:7      | Found a blossoming altar of Fedhas.
  5015 | D:7      | Found a staircase to the Ecumenical Temple.
  5016 | D:7      | Noticed a two-headed ogre
  5017 | D:7      | 5017 ||| Stepping ~*~*~tactically~*~*~ (hiding).
  5022 | D:7      | 5022 ||| INVOKING Fiery Armour.
  5023 | D:7      | 5023 ||| Stepping ~*~*~tactically~*~*~ (outnumbered).
  5023 | D:7      | HP: 12/78 [two-headed ogre/+0 giant club (20)]
  5024 | D:7      | 5024 ||| READING scroll of teleportation.
  5024 | D:7      | Mangled by a two-headed ogre

Levels and vault maps discovered:
D:1:      minmay_arrival_widening_spiral_wide, layout_basic,
          minmay_misc_feat_more_columns, minmay_crystal_room
D:2:      layout_loops_cross, chequers_ecumenical_altar_island,
          uniq_crazy_yiuf_cottage, uniq_jessica
D:3:      layout_basic, nicolae_overflow_crystal_walls,
          chequers_serial_rivers_micro_e, minmay_tree_intersection,
          chequers_hall_statues_wall_a
D:4:      minmay_wonky_spiral, layout_basic, serial_bayou, serial_bayou_pond_e,
          serial_bayou_shore_a, serial_bayou_lagoon_a, serial_bayou_pond_e,
          serial_shops, nicolae_diamond_shop, dk_vineyard_1
D:5:      layout_basic, uniq_eustachio, uniq_blork_the_orc
D:6:      layout_loops_corners, overflow_temple_1_default
D:7:      layout_cave_pods, fedhas_altar_2, temple_fountains, serial_shops,
          kennysheep_mini, nicolae_shop_fire_sale [nicolae_sub_dead_trees],
          serial_park_tiny_2, chequers_serial_rivers_large_b, uniq_pikel,
          uniq_joseph, uniq_duvessa

Skill      XL: |  1  2  3  4  5  6  7  8 |
---------------+-------------------------+-----
Unarmed Combat | 4 5 6 7 9 10 | 10.5
Throwing       | 1 3 |  3.4
Dodging        | 1 2 |  2.2
Fighting       | 3 |  3.8
Spellcasting   | |  1.0
Fire Magic     | |  2.1

Action                   |  1- 3 |  4- 6 |  7- 9 || total
-------------------------+-------+-------+-------++-------
Melee: Unarmed           |    66 |    86 |    78 ||   230
       Punch             |     1 |     3 |     8 ||    12
Throw: Javelin           |    14 |    23 |    13 ||    50
Invok: Fiery Armour      |       |       |     1 ||     1
  Use: Scroll            |     5 |     6 |     5 ||    16
       Potion            |       |     4 |       ||     4
Armor: Robe              |    16 |    19 |    14 ||    49
Dodge: Dodged            |    16 |    19 |    27 ||    62

Table legend:
 A = Non-vault XP
 B = Vault XP
 C = Vault XP percentage of total XP
 D = Non-vault monster count
 E = Vault monster count
 F = Vault count percentage of total count
                 A         B        C        D         E       F
            +---------+---------+-------+---------+---------+-------
      Total |    1932 |     915 |  32.1 |      79 |       4 |   4.8
            +---------+---------+-------+---------+---------+-------
        D:1 |      19 |       0 |   0.0 |      12 |       0 |   0.0
        D:2 |      56 |      37 |  39.8 |      19 |       1 |   5.0
        D:3 |      45 |       0 |   0.0 |      12 |       0 |   0.0
        D:4 |      91 |       0 |   0.0 |      16 |       0 |   0.0
        D:5 |     643 |     292 |  31.2 |      11 |       2 |  15.4
        D:6 |     722 |       0 |   0.0 |       6 |       0 |   0.0
        D:7 |     356 |     586 |  62.2 |       3 |       1 |  25.0
            +---------+---------+-------+---------+---------+-------
